 Dungeon Crawl Stone Soup version 0.24.1-14-gf8d2b509d9 (webtiles) character file.

Game seed: 8292236939073844883, levelgen mode: deterministic

315 Mrkan the Ruffian (level 6, -1/53 HPs)
             Began as a Ghoul Monk on May 22, 2020.
             Slain by a leopard gecko (4 damage)
             ... on level 3 of the Dungeon.
             The game lasted 00:04:54 (2550 turns).

Mrkan the Ruffian (Ghoul Monk)                      Turns: 2550, Time: 00:04:54

Health: -1/53      AC:  5    Str: 17    XL:     6   Next: 43%
Magic:  5/5        EV: 13    Int:  5    God:
Gold:   182        SH:  0    Dex: 11    Spells: 5/5 levels left

rFire    . . .     SeeInvis .     - Unarmed
rCold    + . .     Gourm    .   (no shield)
rNeg     + + +     Faith    .   a - +0 robe
rPois    ∞         Spirit   .   (no helmet)
rElec    .         Reflect  .   g - +2 cloak
rCorr    .         Harm     .   (no gloves)
MR       .....                  (no boots)
Stlth    ++........             (no amulet)
HPRegen  0.00/turn              (no ring)
MPRegen  0.09/turn              (no ring)

@: rotting
A: rotting body, claws 1, carnivore, cold resistance 1, negative energy
resistance 3, inhibited regeneration, torment resistance, unbreathing
a: no special abilities


You were on level 3 of the Dungeon.
You were not hungry.

You visited 1 branch of the dungeon, and saw 3 of its levels.

You collected 182 gold pieces.

Inventory:

Hand Weapons
 s - a +2 war axe of freezing
Missiles
 k - 3 curare-tipped darts (quivered)
Armour
 a - a +0 robe (worn)
 g - a +2 cloak (worn)
 o - a +0 pair of gloves
Jewellery
 f - an uncursed ring of resist corrosion {unknown}
 l - an uncursed amulet of rage {unknown}
 p - an uncursed ring of protection from fire {unknown}
 v - a +2 ring of protection {unknown}
Scrolls
 c - a scroll of fog {unknown}
 d - 3 scrolls of remove curse {unknown}
 e - 3 scrolls of identify {unknown}
 i - 3 scrolls of blinking {unknown}
 j - 4 scrolls of teleportation {unknown}
 m - a scroll of amnesia {unknown}
 r - a scroll of enchant armour {unknown}
Potions
 h - 2 potions of mutation {unknown}
 n - a potion of haste {unknown}
 q - a potion of curing {unknown}
 t - a potion of brilliance {unknown}
 u - 2 potions of might
Comestibles
 b - 7 rations
 w - 4 chunks of flesh


   Skills:
 + Level 4.7 Fighting
 + Level 3.9 Dodging
 - Level 2.1 Stealth
 * Level 5.9 Unarmed Combat


You had 5 spell levels left.
You didn't know any spells.
Your spell library was empty.

Dungeon Overview and Level Annotations

Branches:
Dungeon (3/15)

Altars:
Cheibriados
Gozag
Uskayaw
Xom
Yredelemnul


Innate Abilities, Weirdness & Mutations

Your body is rotting away.
You thrive on raw meat.
You are immune to poison.
You have sharp fingernails.
You are carnivorous and can eat meat at any time.
Your flesh is cold resistant. (rC+)
You are immune to negative energy. (rN+++)
You do not regenerate when monsters are visible.
You are immune to unholy pain and torment.
You can survive without breathing.


Message History

A leopard gecko comes into view.
The gnoll shouts!
The leopard gecko hisses angrily.
The gnoll barely misses you.
Found a hide-covered altar of Uskayaw.
You barely miss the gnoll.
The gnoll drinks a potion.
The gnoll seems to grow stronger.
The kobold shouts!
You claw the gnoll!
The gnoll is heavily wounded.
The gnoll closely misses you. The gnoll barely misses you.
You barely miss the gnoll.
The gnoll is heavily wounded.
The gnoll hits you with a cursed -2 halberd!!
The gnoll hits you from afar with a +0 spear!
* * * LOW HITPOINT WARNING * * *
The gnoll barely misses you. The gnoll hits you with a +0 flail!
* * * LOW HITPOINT WARNING * * *
The gnoll misses you. x2
The leopard gecko bites you.
You die...

....# #.# ..... ### ....#
#.# .....##.. #...# #.#
.....#.... ...# #.#
.....#_.⌠. #..###########.##
.....#.....#.........).....#
...#. #....#.K###########..#
#### #8...'.g###########..#
#.g.l@..........#
#..############.# ##..# #.#
#...# #.#
##..#############.#
#...†..÷..........#
#.....###############
#.....# #......


You could see 2 gnolls and a leopard gecko.

Vanquished Creatures
  Sigmund (D:2)
  An orc priest (D:3)
  A gnoll (D:1)
  4 adders
  A worm (D:2)
  2 dart slugs
  2 leopard geckos
  8 orcs (D:3)
  2 ball pythons
  6 bats
  6 giant cockroaches
  5 hobgoblins
  4 frilled lizards
  5 goblins
  6 kobolds
  5 rats
59 creatures vanquished.

Notes
Turn   | Place    | Note
-------+----------+-------------------------------------------
     0 | D:1      | Mrkan the Ghoul Monk began the quest for the Orb.
     0 | D:1      | Reached XP level 1. HP: 19/19 MP: 0/0
   332 | D:1      | Reached XP level 2. HP: 16/25 MP: 1/1
   713 | D:1      | Found a snail-covered altar of Cheibriados.
   908 | D:1      | Reached XP level 3. HP: 31/31 MP: 2/2
  1010 | D:1      | Reached skill level 4 in Unarmed Combat
  1165 | D:2      | Noticed Sigmund
  1489 | D:2      | Found a shimmering altar of Xom.
  1649 | D:2      | Found a faded altar of an unknown god.
  1700 | D:2      | Reached XP level 4. HP: 40/40 MP: 3/3
  1820 | D:2      | Found an opulent altar of Gozag.
  1930 | D:2      | Killed Sigmund
  1930 | D:2      | Reached skill level 5 in Unarmed Combat
  1930 | D:2      | Reached XP level 5. HP: 38/47 MP: 4/4
  1930 | D:2      | Reached XP level 6. HP: 43/53 MP: 5/5
  2200 | D:3      | Found a basalt altar of Yredelemnul.
  2543 | D:3      | Found a hide-covered altar of Uskayaw.
  2550 | D:3      | Slain by a leopard gecko

Levels and vault maps discovered:
D:1:      saegor_arrival_simple_a, layout_loops_corners, cheibriados_altar_1
D:2:      layout_loops_ring, xom_teletrap_fun, chequers_ecumenical_altar_twisty,
          grunt_gozag_breadcrumbs, uniq_sigmund
D:3:      layout_basic, gammafunk_temple_overflow_pools,
          overflow_temple_1_default

Skill      XL: |  1  2  3  4 |
---------------+-------------+-----
Dodging        | 3 |  3.9
Unarmed Combat | 4 5 |  5.9
Fighting       | 4 |  4.7
Stealth        | |  2.1

Action                   |  1- 3 |  4- 6 || total
-------------------------+-------+-------++-------
Melee: Unarmed           |    79 |    94 ||   173
       Punch             |     1 |     3 ||     4
Throw: Dart              |     3 |     3 ||     6
 Stab: Sleeping          |     4 |       ||     4
  Eat: Chunk             |     3 |     3 ||     6
Armor: Robe              |    16 |    20 ||    36
Dodge: Dodged            |    48 |    62 ||   110
